[Event "Titled Tuesday Blitz November 01 Early 2022"]
[White "Jones, Gawain C B"]
[Black "Manukyan, Sargis A."]
[WhiteFideId "409561"]
[BlackFideId "13303970"]
[WhiteElo "2872"]
[BlackElo "2597"]
[Result "1-0"]
[Round "02"]
[TimeControl "180+1"]
[Date "2022.11.02"]
[WhiteClock "0:00:06"]
[BlackClock "0:00:05"]

1. Nf3 d5 2. g3 Nf6 3. Bg2 Bf5 4. c4 e6 5. Qb3 Qc8 6. Nc3 c6 7. Nh4 Bg4 8. h3 Bh5 9. g4 Bg6 10. d3 Nbd7 11. cxd5 exd5 12. f4 Nc5 13. Qc2 Bd6 14. e4 dxe4 15. dxe4 O-O 16. Nxg6 hxg6 17. e5 Nxg4 18. hxg4 Qxg4 19. exd6 Rfe8+ 20. Kf2 Rad8 21. Qd1 Qe6 22. Bh3 Qf6 23. d7 Re7 24. Kg2 Nxd7 25. Re1 Nf8 26. Qxd8 Re2+ 27. Rxe2 Qxd8 28. Be3 b6 29. Rd1 Qf6 30. Ne4 Qh4 31. Ng5 f6 32. Nf3 Qh5 33. Rd8 Kf7 34. Bf2 g5 35. fxg5 fxg5 36. Ne5+ Ke7 37. Nxc6+ Kf7 38. Ne5+ Ke7 39. Bg4 Qh6 40. Bg3 Ne6 41. Nc6+ Kf7 42. Rxe6 Qh7 43. Ne5# 1-0


[Site "https://www.chess.com"]

[Event "Titled Tuesday Blitz November 01 Early 2022"]
[White "Jovic, Stanoje"]
[Black "Bazeev, German"]
[WhiteFideId "905020"]
[BlackFideId "24119350"]
[WhiteElo "2238"]
[BlackElo "2493"]
[Result "0-1"]
[Round "02"]
[TimeControl "180+1"]
[Date "2022.11.02"]
[WhiteClock "0:00:54"]
[BlackClock "0:00:27"]

1. c4 e5 2. g3 Nf6 3. Bg2 h6 4. Nc3 Bb4 5. Nf3 Bxc3 6. bxc3 d6 7. d4 Qe7 8. a4 O-O 9. O-O c5 10. Qc2 Nc6 11. a5 Bg4 12. a6 b6 13. Nxe5 dxe5 14. Bxc6 Rad8 15. dxe5 Qxe5 16. Bf3 Bf5 17. Qb3 Ne4 18. Bf4 Qe6 19. Rfd1 g5 20. Be3 Nf6 21. Rxd8 Rxd8 22. Rd1 Re8 23. Qb5 Be4 24. h4 Bxf3 25. exf3 gxh4 26. gxh4 Kh8 27. Bxh6 Rg8+ 28. Bg5 Nh7 29. Qc6 Qxc6 0-1


[Site "https://www.chess.com"]

[Event "Titled Tuesday Blitz November 01 Early 2022"]
[White "Kakabayev, Mergen"]
[Black "Faizrakhmanov, Ramil"]
[WhiteFideId "14002990"]
[BlackFideId "24103209"]
[WhiteElo "2302"]
[BlackElo "2421"]
[Result "0-1"]
[Round "02"]
[TimeControl "180+1"]
[Date "2022.11.02"]
[WhiteClock "0:01:35"]
[BlackClock "0:00:35"]

1. e4 c6 2. d4 d5 3. e5 Bf5 4. h4 h5 5. Bd3 Bxd3 6. Qxd3 Qa5+ 7. Nd2 e6 8. Nf3 Nh6 9. O-O Nf5 10. c4 Nd7 11. b4 Bxb4 12. Rb1 O-O 13. a3 Bxd2 14. Bxd2 Qa6 15. Rfc1 Nb6 16. Ng5 Nxc4 17. f3 Qxa3 18. Rb3 Qa6 19. g4 Nxd2 20. Qxd2 Nxh4 21. Qh2 Qa4 22. Qxh4 Qxb3 23. Qxh5 Qd3 24. Kg2 f6 25. exf6 gxf6 26. Rh1 fxg5 27. Qh8+ Kf7 28. Rh7+ Ke8 29. Qg7 Qxf3+ 30. Kg1 Qf1+ 0-1


[Site "https://www.chess.com"]

[Event "Titled Tuesday Blitz November 01 Early 2022"]
[White "Kamsky, Gata"]
[Black "Sourath Biswas"]
[WhiteFideId "2000024"]
[BlackFideId "35091484"]
[WhiteElo "2666"]
[BlackElo "2164"]
[Result "1-0"]
[Round "02"]
[TimeControl "180+1"]
[Date "2022.11.01"]
[WhiteClock "0:01:02"]
[BlackClock "0:00:12"]

1. d4 Nf6 2. Nf3 g6 3. c3 Bg7 4. Bg5 O-O 5. Nbd2 d5 6. e3 c5 7. Be2 Qb6 8. Qb3 Nc6 9. O-O c4 10. Qa3 Qc7 11. b3 b5 12. Bxf6 Bxf6 13. Qc5 Be6 14. Qxb5 Rfb8 15. Qc5 cxb3 16. axb3 Rc8 17. Ba6 Rd8 18. b4 Qd7 19. Bb5 Rdc8 20. Ra6 1-0


[Site "https://www.chess.com"]

[Event "Titled Tuesday Blitz November 01 Early 2022"]
[White "Kanyamarala, Tarun"]
[Black "Suleymanli, Suleyman"]
[WhiteFideId "45004714"]
[BlackFideId "13416375"]
[WhiteElo "2307"]
[BlackElo "2204"]
[Result "0-1"]
[Round "02"]
[TimeControl "180+1"]
[Date "2022.11.02"]
[WhiteClock "0:00:05"]
[BlackClock "0:00:46"]

1. e4 c5 2. Nf3 d6 3. c3 Nf6 4. Bd3 e5 5. O-O Nc6 6. Bc2 Bg4 7. h3 Bh5 8. d3 Be7 9. Nbd2 Qd7 10. Re1 O-O 11. Nf1 Bg6 12. Ng3 Nh5 13. Nf5 Bxf5 14. exf5 Nf4 15. d4 cxd4 16. cxd4 Qc7 17. Bxf4 exf4 18. Qd2 d5 19. Qd3 Bf6 20. Bb3 Rad8 21. Rac1 Qb6 22. Red1 Rfe8 23. Qd2 Re4 24. Bc2 Nxd4 25. Bxe4 dxe4 26. Nxd4 h6 27. Rc4 e3 28. fxe3 fxe3 29. Qxe3 Qxb2 30. Kh2 b5 31. Rc7 Bxd4 32. Qe7 Be5+ 0-1


[Site "https://www.chess.com"]

[Event "Titled Tuesday Blitz November 01 Early 2022"]
[White "Khalakhan, Jurij"]
[Black "Maranhao,Jose Renato Ruiz"]
[WhiteFideId "14142368"]
[BlackFideId "2135175"]
[WhiteElo "2208"]
[BlackElo "1970"]
[Result "1-0"]
[Round "02"]
[TimeControl "180+1"]
[Date "2022.11.02"]
[WhiteClock "0:01:24"]
[BlackClock "0:00:01"]

1. e4 b6 2. d4 Bb7 3. Bd3 g6 4. Nf3 Bg7 5. O-O d6 6. c4 Nd7 7. Nc3 e6 8. Re1 Ne7 9. Bg5 h6 10. Be3 O-O 11. Qd2 Kh7 12. Rad1 f5 13. Nh4 Nc6 14. Nf3 Nb4 15. Bb1 a5 16. a3 Na6 17. h4 fxe4 18. Bxe4 Bxe4 19. Nxe4 Rxf3 20. gxf3 Qxh4 21. Kg2 Rf8 22. Rh1 Qe7 23. Bxh6 Nf6 24. Nxf6+ Qxf6 25. Bg5+ 1-0


[Site "https://www.chess.com"]

[Event "Titled Tuesday Blitz November 01 Early 2022"]
[White "Kirillov, Dmitry"]
[Black "Ivic, Velimir"]
[WhiteFideId "34180572"]
[BlackFideId "950122"]
[WhiteElo "2095"]
[BlackElo "2625"]
[Result "0-1"]
[Round "02"]
[TimeControl "180+1"]
[Date "2022.11.02"]
[WhiteClock "0:01:20"]
[BlackClock "0:02:12"]

1. e4 e5 2. Nf3 Nc6 3. Bc4 Bc5 4. d3 Nf6 5. O-O O-O 6. c3 d6 7. Nbd2 a5 8. Bb3 Re8 9. h3 h6 10. Re1 Be6 11. Bc2 d5 12. exd5 Qxd5 13. Ne4 Nxe4 14. dxe4 Qxd1 15. Rxd1 Red8 16. Be3 Bxe3 17. fxe3 f6 18. a4 Kf8 19. Kf2 Rxd1 20. Rxd1 Rd8 21. Rxd8+ Nxd8 22. Nd2 b6 23. b4 Nc6 24. b5 Nd8 25. Bb3 Ke7 26. Ke2 Nb7 27. Bxe6 Kxe6 28. Nb3 Kd6 29. Kd3 Nc5+ 30. Nxc5 Kxc5 31. g4 c6 32. bxc6 Kxc6 33. Kc4 g5 34. Kb3 b5 35. Ka3 Kc5 36. Kb3 bxa4+ 37. Kxa4 Kc4 0-1


[Site "https://www.chess.com"]

[Event "Titled Tuesday Blitz November 01 Early 2022"]
[White "Kis, Lorand Bela"]
[Black "Namitbir Singh Walia"]
[WhiteFideId "2024098"]
[BlackFideId "35071068"]
[WhiteElo "2085"]
[BlackElo "2239"]
[Result "0-1"]
[Round "02"]
[TimeControl "180+1"]
[Date "2022.11.02"]
[WhiteClock "0:00:10"]
[BlackClock "0:00:27"]

1. d4 Nf6 2. c4 c5 3. d5 d6 4. Nc3 g6 5. e4 Bg7 6. h3 e5 7. g3 O-O 8. Bg2 h6 9. Nge2 Nh5 10. g4 Nf6 11. Be3 Kh7 12. f3 a6 13. h4 b5 14. cxb5 axb5 15. Nxb5 Qb6 16. Nbc3 Qxb2 17. h5 g5 18. Rb1 Qa3 19. Nb5 Qa5+ 20. Bd2 Qd8 21. Nec3 Na6 22. O-O Nc7 23. a4 Qd7 24. Qc2 Ba6 25. Rfc1 Rfb8 26. Kf2 Nfe8 27. Kg3 Bf6 28. Bf1 Bd8 29. Nxc7 Nxc7 30. Bxa6 Nxa6 31. Nb5 Nc7 32. Qc4 Nxb5 33. Rxb5 Rxb5 34. a5 0-1


[Site "https://www.chess.com"]

[Event "Titled Tuesday Blitz November 01 Early 2022"]
[White "Kodinets, Konstantin L."]
[Black "Ohanyan, Emin"]
[WhiteFideId "4122011"]
[BlackFideId "13312022"]
[WhiteElo "2447"]
[BlackElo "2302"]
[Result "1/2-1/2"]
[Round "02"]
[TimeControl "180+1"]
[Date "2022.11.02"]
[WhiteClock "0:00:08"]
[BlackClock "0:00:05"]

1. d4 d5 2. Nf3 Nf6 3. Bf4 c6 4. Nbd2 Bf5 5. c4 e6 6. Qb3 Qb6 7. c5 Qxb3 8. axb3 Na6 9. Rxa6 bxa6 10. e3 Nd7 11. Bxa6 Rb8 12. Bxb8 Nxb8 13. Be2 Kd8 14. O-O Kc7 15. Ra1 Kb7 16. b4 a6 17. Nb3 Be7 18. Na5+ Kc7 19. Ne5 f6 20. Nexc6 Nxc6 21. Nxc6 Kxc6 22. Rxa6+ Kb7 23. b5 e5 24. g4 Bc8 25. b6 Bd8 26. Ra7+ Kb8 27. Bb5 Bxb6 28. cxb6 Bb7 29. Ba6 Bxa6 30. Rxa6 exd4 31. exd4 Re8 32. Ra7 g5 33. Rd7 Re4 34. Rxd5 Rxg4+ 35. Kf1 Kb7 36. Rd6 Rf4 37. Kg2 h5 38. h3 h4 39. b4 f5 40. b5 g4 41. d5 Rf3 42. hxg4 fxg4 43. Rh6 h3+ 44. Kg1 Rd3 45. Rg6 Rd1+ 46. Kh2 Rf1 47. Rxg4 Rxf2+ 48. Kxh3 Kxb6 49. Rd4 Kxb5 50. d6 Rf8 51. Kg4 Rd8 52. Kf5 Kc5 53. Rd2 Rxd6 54. Rxd6 Kxd6 1/2-1/2


[Site "https://www.chess.com"]

[Event "Titled Tuesday Blitz November 01 Early 2022"]
[White "Korelskiy, Egor"]
[Black "Zemlyanskii, Ivan"]
[WhiteFideId "34329064"]
[BlackFideId "24249971"]
[WhiteElo "2053"]
[BlackElo "2107"]
[Result "0-1"]
[Round "02"]
[TimeControl "180+1"]
[Date "2022.11.02"]
[WhiteClock "0:00:01"]
[BlackClock "0:00:05"]

1. e4 c5 2. Nf3 d6 3. d4 Nf6 4. Nc3 cxd4 5. Nxd4 a6 6. h3 e5 7. Nde2 h5 8. g3 Be7 9. Bg2 b5 10. O-O Bb7 11. Be3 Nbd7 12. f4 Qc7 13. Qd2 Nb6 14. b3 b4 15. Nd5 Nbxd5 16. exd5 Rb8 17. Rfd1 Nd7 18. Rac1 a5 19. c3 bxc3 20. Nxc3 Qd8 21. f5 O-O 22. Qf2 Bg5 23. Bxg5 Qxg5 24. Ne4 Qh6 25. Rc7 Rfd8 26. Qa7 Bc8 27. Qxa5 Nf6 28. Rc3 Bxf5 29. Nxf6+ Qxf6 30. Rf3 Qg6 31. Re3 Bd7 32. Qd2 f5 33. Rc3 h4 34. gxh4 f4 35. Kh1 Bf5 36. Rg1 Qf6 37. Qf2 Rdc8 38. Rgc1 Rxc3 39. Rxc3 e4 40. Qxf4 Qxc3 41. Qxf5 e3 42. Qe6+ Kh8 43. Qf5 Qa1+ 44. Kh2 Qe5+ 45. Qxe5 dxe5 46. Bf3 Ra8 47. d6 Rxa2+ 48. Kg1 Rd2 49. Kf1 Rf2+ 50. Ke1 Rxf3 0-1


[Site "https://www.chess.com"]

[Event "Titled Tuesday Blitz November 01 Early 2022"]
[White "Koridze, Lile"]
[Black "Malyi, Viacheslav"]
[WhiteFideId "13612514"]
[BlackFideId "14123983"]
[WhiteElo "2050"]
[BlackElo "2291"]
[Result "1/2-1/2"]
[Round "02"]
[TimeControl "180+1"]
[Date "2022.11.02"]
[WhiteClock "0:00:57"]
[BlackClock "0:01:11"]

1. d4 Nf6 2. c4 e6 3. Nf3 d5 4. g3 c5 5. cxd5 exd5 6. Bg2 Nc6 7. O-O cxd4 8. Nxd4 Bc5 9. Nxc6 bxc6 10. Nc3 O-O 11. Qa4 Bd7 12. Bg5 h6 13. Bxf6 Qxf6 14. Nxd5 cxd5 15. Qxd7 Qxb2 16. Bxd5 Rab8 17. Qf5 Bb6 18. a4 Qxe2 19. Rae1 Qb2 20. Kg2 Qf6 21. Qxf6 gxf6 22. Re4 Rbe8 23. Rfe1 Rxe4 24. Rxe4 Rd8 25. Bc4 Rd4 26. Rxd4 Bxd4 27. f4 Kg7 28. h3 Bc5 29. Kf3 f5 30. g4 fxg4+ 31. Kxg4 Kg6 32. f5+ Kf6 33. Bd5 Be3 34. Bc6 Bc1 35. Be8 Ke7 36. Bb5 f6 37. Bc6 Kd6 38. Bb5 Kc5 39. Be8 Kd4 40. Bb5 Kc3 41. Be8 Kb4 42. Bd7 Ka5 43. Be8 Kb6 44. Bb5 Kc7 45. Be8 Kd8 46. Bb5 Ke7 47. Bc6 Kf8 48. Bd7 Kg7 49. Be6 Kf8 50. Bd7 Bd2 51. Be6 Ke7 52. Bc4 Kd6 53. Bb5 Kc7 54. Be8 Kb6 55. Bb5 a6 56. Be8 Kb7 57. Bd7 Kc7 58. Be8 Kd6 59. Bf7 Ke7 60. Bc4 a5 61. Bb5 Kd6 62. Be8 Ke5 63. Bb5 Kd4 64. Be8 Ke3 65. Bb5 Kf2 66. Be8 Kg1 67. Bb5 Kh2 68. Be8 Kg2 69. Bb5 Kf2 70. Be8 Ke3 71. Bb5 Kd4 72. Be8 Ke5 73. Bb5 Kd5 74. Be8 Kd6 75. Bb5 Ke7 76. Bc6 Bc1 77. Bb5 Kd8 78. Bc6 Kc8 79. Bb5 Kc7 80. Be8 Kb6 81. Bb5 Kc5 82. Be8 Kd4 83. Bb5 Ke5 84. Be8 Ke4 85. Bc6+ Kd4 86. Bb5 Kc5 87. Be8 Bd2 88. Bb5 Kd6 89. Be8 Ke5 1/2-1/2


[Site "https://www.chess.com"]

[Event "Titled Tuesday Blitz November 01 Early 2022"]
[White "Kosteniuk, Alexandra"]
[Black "Jobava, Baadur"]
[WhiteFideId "4128125"]
[BlackFideId "13601520"]
[WhiteElo "2469"]
[BlackElo "2582"]
[Result "0-1"]
[Round "02"]
[TimeControl "180+1"]
[Date "2022.11.01"]
[WhiteClock "0:00:15"]
[BlackClock "0:00:30"]

1. e4 e6 2. d4 d5 3. exd5 exd5 4. Nf3 Bd6 5. c4 Nf6 6. c5 Be7 7. Bd3 O-O 8. O-O Bg4 9. Be3 Nc6 10. Nbd2 Bh5 11. a3 a5 12. Rb1 a4 13. Qc2 Bg6 14. h3 Re8 15. Rfd1 Qc8 16. Ne5 Nxe5 17. dxe5 Nd7 18. Bxg6 hxg6 19. Nf3 c6 20. e6 fxe6 21. Qxg6 Nf8 22. Qg3 Bf6 23. Bd4 Qd8 24. Be5 Bxe5 25. Nxe5 Ra5 26. Rd4 Rxc5 27. Rg4 Re7 28. h4 Qe8 29. Rd1 Rb5 30. Rdd4 Rxb2 31. Rxa4 Re2 32. Kf1 Ra2 33. Kg1 c5 34. Raf4 Re2 35. Ng6 Nxg6 36. Rxg6 Re4 37. Rxe4 dxe4 38. h5 Kh7 39. Qe3 Qa4 40. Qg5 Qd1+ 41. Kh2 Qd6+ 42. Kg1 Qd1+ 43. Kh2 Qd5 44. Qg3 Qxh5+ 0-1


[Site "https://www.chess.com"]

[Event "Titled Tuesday Blitz November 01 Early 2022"]
[White "Kotepalli, Sai Nirupama"]
[Black "Mirzoev, Azer"]
[WhiteFideId "5039444"]
[BlackFideId "13400304"]
[WhiteElo "2400"]
[BlackElo "2525"]
[Result "0-1"]
[Round "02"]
[TimeControl "180+1"]
[Date "2022.11.02"]
[WhiteClock "0:00:05"]
[BlackClock "0:00:36"]

1. e4 c5 2. Nf3 e6 3. d3 d5 4. Nbd2 Nc6 5. g3 Nf6 6. Bg2 Be7 7. O-O b6 8. Qe2 Bb7 9. e5 Nd7 10. c3 Qc7 11. Re1 g5 12. h3 h5 13. g4 hxg4 14. hxg4 O-O-O 15. Nf1 Rdg8 16. d4 Kb8 17. Ng3 a5 18. Be3 Ka7 19. Qd2 Qd8 20. Nh5 cxd4 21. Nxd4 Ndxe5 22. Nb5+ Ka8 23. Bd4 Nc4 24. Qc2 Nxd4 25. cxd4 Nd6 26. Nc3 Rh6 27. b4 axb4 28. Qa4+ Kb8 29. Qxb4 Nc4 30. Qb3 f5 31. Ng3 fxg4 32. Qd1 Rf8 33. Qxg4 Rf4 34. Qd1 Bb4 35. Rc1 Ba5 36. Re2 Qf6 37. Rec2 Rxd4 38. Qe2 Bxc3 39. Rxc3 Rd2 40. Qe1 Rxa2 41. Rxc4 dxc4 42. Bxb7 Kxb7 43. Qe4+ Ka7 44. Nh1 Qf4 45. Qb1 Qh2+ 46. Kf1 Qxh1# 0-1


[Site "https://www.chess.com"]

[Event "Titled Tuesday Blitz November 01 Early 2022"]
[White "Krishnan, Varun"]
[Black "Grot, Blazej"]
[WhiteFideId "5054508"]
[BlackFideId "21835845"]
[WhiteElo "2534"]
[BlackElo "1739"]
[Result "0-1"]
[Round "02"]
[TimeControl "180+1"]
[Date "2022.11.02"]
[WhiteClock "0:00:01"]
[BlackClock "0:00:08"]

1. d4 Nf6 2. c4 e6 3. Nf3 d5 4. Nc3 c6 5. e3 Nbd7 6. Qc2 Be7 7. Be2 O-O 8. O-O dxc4 9. Bxc4 b5 10. Be2 a6 11. e4 Bb7 12. a3 c5 13. Rd1 cxd4 14. Nxd4 Rc8 15. e5 Nd5 16. Nf3 Nxc3 17. bxc3 Qc7 18. Bf4 h6 19. a4 b4 20. Qd2 Rfd8 21. cxb4 Nxe5 22. Qe3 Nxf3+ 23. Bxf3 Rxd1+ 24. Rxd1 Qc2 25. h3 Bxf3 26. Qxf3 Bxb4 27. Rd7 Qc6 28. Qd3 Qxa4 29. Kh2 Bf8 30. Bg3 Qb5 31. Qd1 a5 32. Ra7 Bc5 33. Rd7 a4 34. Be5 Bf8 35. Ba1 a3 36. Rd3 Qb8+ 37. g3 Qa7 38. Bd4 Qb7 39. Re3 Rd8 40. Rd3 Qb8 41. Ba1 Rxd3 42. Qxd3 Qb6 43. Qe2 Qc5 44. h4 Qc1 45. Qe5 Qc2 46. Kg2 Qc6+ 47. Kh2 Qc2 48. Kg2 a2 49. Kh2 Qb1 50. Kg2 h5 51. Qd4 Bc5 52. Qc3 Bf8 53. Qd4 Qc2 54. Qe5 Qc4 55. Qb2 Qd5+ 56. Kh2 Qc5 0-1


[Site "https://www.chess.com"]

[Event "Titled Tuesday Blitz November 01 Early 2022"]
[White "Krysa, Leandro"]
[Black "Jean Louis, Marckens"]
[WhiteFideId "116807"]
[BlackFideId "11900270"]
[WhiteElo "2486"]
[BlackElo "2030"]
[Result "1-0"]
[Round "02"]
[TimeControl "180+1"]
[Date "2022.11.02"]
[WhiteClock "0:00:16"]
[BlackClock "0:00:18"]

1. e4 e6 2. d4 d5 3. e5 c5 4. c3 Nc6 5. Nf3 c4 6. b3 cxb3 7. axb3 f6 8. exf6 Nxf6 9. Bd3 Bd6 10. O-O O-O 11. Ba3 a6 12. Re1 Re8 13. Ne5 Bxa3 14. Nxa3 Qc7 15. Qf3 Bd7 16. Qh3 Qd8 17. Nc2 Rc8 18. Ne3 Nxe5 19. dxe5 Ne4 20. Bxe4 dxe4 21. Nc4 Rf8 22. Nd6 Rc7 23. Rxe4 Qe7 24. Rd1 Bc6 25. Re3 Kh8 26. Qh5 g6 27. Qh6 b5 28. h4 Bd5 29. b4 Rg8 30. Qg5 Qg7 31. Rxd5 exd5 32. e6 Re7 33. Nf7+ Rxf7 34. exf7 Qxf7 35. Qe5+ Qg7 36. Qxd5 h6 37. g3 Rc8 38. Qe6 Rxc3 39. Qe8+ Kh7 40. Re7 Rc7 41. Rxg7+ Rxg7 42. Qc8 g5 43. h5 Re7 44. Qxa6 Rg7 45. Qxb5 Kg8 46. Qd5+ Kh7 47. b5 Re7 48. b6 Kg7 49. b7 Rxb7 50. Qxb7+ Kf6 51. Qc6+ Kf5 52. Qxh6 Kg4 53. Qg6 Kh3 54. h6 g4 55. Qh5# 1-0


[Site "https://www.chess.com"]

[Event "Titled Tuesday Blitz November 01 Early 2022"]
[White "Kustar, Sandor"]
[Black "Orozbaev, Eldiar"]
[WhiteFideId "702900"]
[BlackFideId "13802240"]
[WhiteElo "2375"]
[BlackElo "2244"]
[Result "1/2-1/2"]
[Round "02"]
[TimeControl "180+1"]
[Date "2022.11.02"]
[WhiteClock "0:00:11"]
[BlackClock "0:00:29"]

1. Nf3 d6 2. d4 Nd7 3. c4 e5 4. Nc3 f5 5. e4 fxe4 6. Nxe4 Ngf6 7. Neg5 exd4 8. Nxd4 Nc5 9. Qe2+ Be7 10. b4 h6 11. Nge6 Nxe6 12. Nxe6 Bxe6 13. Qxe6 Qd7 14. Qxd7+ Kxd7 15. Bd3 d5 16. Bf5+ Ke8 17. c5 a5 18. Bd2 axb4 19. Bxb4 Kf7 20. a3 g6 21. Bd3 Nd7 22. Rc1 Ne5 23. Be2 d4 24. f4 Nc6 25. O-O Rad8 26. Rfd1 Bf6 27. Bf3 Rhe8 28. Kf2 Re3 29. Bxc6 bxc6 30. Re1 Rb3 31. Rcd1 d3 32. Kf3 d2+ 33. Re3 Rb2 34. Re2 Rd3+ 35. Re3 Rd5 36. Re2 Rb3+ 37. Re3 Rxe3+ 38. Kxe3 Bd4+ 39. Ke2 Bxc5 40. Rxd2 Rxd2+ 41. Kxd2 Bxb4+ 42. axb4 Ke6 43. Kd3 Kd5 44. g4 c5 45. b5 h5 46. h3 h4 47. Kc3 Ke4 48. Kc4 Kxf4 49. Kxc5 Kg3 50. Kc6 Kxh3 51. Kxc7 Kxg4 52. b6 h3 53. b7 h2 54. b8=Q h1=Q 55. Qb4+ Kf5 56. Qf8+ Kg5 57. Qe7+ Kg4 58. Qe6+ Kh5 59. Qe5+ Kg4 60. Qe6+ Kg5 61. Qe5+ Kg4 62. Qe6+ 1/2-1/2


[Site "https://www.chess.com"]

[Event "Titled Tuesday Blitz November 01 Early 2022"]
[White "Kuznetsova, Olga"]
[Black "Timofeev, Artyom"]
[WhiteFideId "4191323"]
[BlackFideId "4140419"]
[WhiteElo "2134"]
[BlackElo "2579"]
[Result "0-1"]
[Round "02"]
[TimeControl "180+1"]
[Date "2022.11.02"]
[WhiteClock "0:00:14"]
[BlackClock "0:00:12"]

1. d4 Nf6 2. g3 d5 3. Bg2 g6 4. Nf3 Bg7 5. O-O O-O 6. b3 c5 7. Bb2 cxd4 8. Bxd4 Nc6 9. Bb2 Bg4 10. Nbd2 Qc8 11. c4 Rd8 12. cxd5 Rxd5 13. Qc2 Bh3 14. Rfd1 Bxg2 15. Kxg2 Qe6 16. Nf1 h6 17. Rxd5 Nxd5 18. Bxg7 Kxg7 19. Rd1 a5 20. Qc4 Nc7 21. Ne3 Qxc4 22. Nxc4 Ne6 23. Rd7 Rb8 24. Nfe5 Nxe5 25. Nxe5 b5 26. Nc6 Rc8 27. Nxa5 Rc2 28. a4 bxa4 29. bxa4 Rxe2 30. Nc6 Ra2 31. a5 Kf6 32. Nxe7 Rxa5 33. Nd5+ Kg7 34. Ne3 Ra2 35. h4 h5 36. Nc4 Nc5 37. Rd2 Ra4 38. Ne5 Re4 39. Nf3 Re7 40. Rc2 Ne6 41. Rc8 Ra7 42. Rc2 Kf6 43. Re2 Ra5 44. Nd2 Kg7 45. Nf3 Ra3 46. Ne5 Kf6 47. Nc4 Rc3 48. Ne3 Rd3 49. Ra2 Nc5 50. Kf3 Rb3 51. Rc2 Ne6 52. Kg2 Ra3 53. Rb2 Kg7 54. Rd2 Nc5 55. Nd5 Ne4 56. Rc2 Ra5 57. Nf4 Nd6 58. Rd2 Nf5 59. Kf3 Ra3+ 60. Kg2 Kh6 61. Rb2 Ra4 62. Rc2 Nxh4+ 63. Kh3 Nf5 64. Rc8 Kg7 65. Rc7 Ra2 66. Kg2 Ne3+ 67. Kf3 Ng4 68. Nd3 Rd2 69. Ke4 Nxf2+ 70. Nxf2 Rxf2 71. Rc3 Rf6 72. Ke3 g5 73. Rc5 Kg6 74. Rc8 Kf5 75. Rh8 Kg4 76. Rh7 Rf3+ 77. Ke4 Rxg3 78. Rxf7 h4 79. Rf1 h3 80. Rh1 Rg2 81. Ke3 Kg3 82. Ra1 g4 83. Ke4 h2 84. Ra3+ Kh4 85. Ra8 Rg1 86. Kf4 Rf1+ 87. Ke3 h1=Q 88. Rh8+ Kg3 89. Rxh1 Rxh1 0-1


[Site "https://www.chess.com"]

[Event "Titled Tuesday Blitz November 01 Early 2022"]
[White "Lauridsen, Jesper Morch"]
[Black "Karas, Marek"]
[WhiteFideId "1401890"]
[BlackFideId "14928558"]
[WhiteElo "2237"]
[BlackElo "2220"]
[Result "0-1"]
[Round "02"]
[TimeControl "180+1"]
[Date "2022.11.02"]
[WhiteClock "0:00:02"]
[BlackClock "0:00:04"]

1. e4 e6 2. d4 d5 3. exd5 exd5 4. Nf3 Nc6 5. Bb5 Bd6 6. c4 dxc4 7. d5 a6 8. Ba4 b5 9. dxc6 bxa4 10. O-O Ne7 11. Qxa4 O-O 12. Qxc4 Be6 13. Qh4 Nxc6 14. Qxd8 Rfxd8 15. Nc3 Rab8 16. b3 Bg4 17. Ne4 Be7 18. Bb2 Bxf3 19. gxf3 f5 20. Rac1 Nb4 21. Rxc7 Nd5 22. Ra7 Bf8 23. Ng5 Nb4 24. Ne6 Ra8 25. Rb7 Rdb8 26. Rxb8 Rxb8 27. Nxf8 Kxf8 28. Ba3 a5 29. Rc1 Kf7 30. Rc7+ Kg6 31. Ra7 Nxa2 32. Bb2 Rxb3 33. Rxg7+ Kh6 34. Be5 a4 35. Kg2 Nb4 36. Rg8 Nd3 37. Bd6 Ne1+ 38. Kf1 Nxf3 39. Rf8 Kg6 40. Rg8+ Kf7 41. Ra8 Nd2+ 42. Ke2 Ne4 43. Be5 a3 44. f3 Nc3+ 45. Bxc3 Rxc3 46. f4 Rb3 47. Ra7+ Kg6 48. Ra6+ Kh5 49. Ra5 Kg4 50. h3+ Kxf4 51. Kd2 Rxh3 52. Ra4+ Kg5 53. Ra5 h5 54. Ra6 Rh2+ 55. Ke1 a2 56. Ra7 a1=Q+ 0-1


[Site "https://www.chess.com"]

[Event "Titled Tuesday Blitz November 01 Early 2022"]
[White "Lawson, Eric"]
[Black "Szente Varga, Fruzsina"]
[WhiteFideId "2604116"]
[BlackFideId "712264"]
[WhiteElo "2538"]
[BlackElo "1994"]
[Result "1/2-1/2"]
[Round "02"]
[TimeControl "180+1"]
[Date "2022.11.02"]
[WhiteClock "0:00:12"]
[BlackClock "0:00:14"]

1. e4 e5 2. Nf3 Nc6 3. Nc3 Nf6 4. g3 Bb4 5. Bg2 O-O 6. O-O d6 7. Re1 Bg4 8. h3 Bxf3 9. Qxf3 Nd4 10. Qd1 c6 11. Ne2 Bc5 12. c3 Nxe2+ 13. Rxe2 Re8 14. d4 exd4 15. cxd4 Bb6 16. Qd3 Qd7 17. Bg5 Qe6 18. Kh2 h6 19. Bf4 d5 20. e5 Nd7 21. b4 a5 22. b5 c5 23. dxc5 Nxc5 24. Qxd5 Qxd5 25. Bxd5 Re7 26. Be3 Rae8 27. f4 Na4 28. Bxb6 Nxb6 29. Bf3 f6 30. Rae1 fxe5 31. fxe5 Kh7 32. h4 Nc4 33. e6 Nd6 34. b6 g6 35. h5 gxh5 36. Re5 Kg7 37. Bxh5 Rf8 38. Rxa5 Rf2+ 39. Kh3 Rb2 40. Rd5 Rxb6 41. Bg4 Kf6 42. Rf1+ Kg6 43. Rfd1 Ne4 44. Rd7 Nf2+ 45. Kg2 Nxg4 46. Rxe7 Ne3+ 47. Kf3 Nxd1 48. Rd7 Kf6 49. Rxd1 Rxe6 50. Rd4 b6 51. a4 Kg6 52. Rh4 h5 53. Rb4 Kg5 54. Rb5+ Kg6 55. Kf4 Rf6+ 56. Ke4 Re6+ 57. Re5 Rc6 58. Kd5 Rc3 59. Re6+ Kg5 60. Rxb6 Rxg3 61. a5 Ra3 62. Rb5 Kg4 63. Kc6 h4 64. Kb6 h3 65. Rb2 Kg3 66. a6 h2 67. Rxh2 Kxh2 68. a7 Rxa7 69. Kxa7 1/2-1/2


[Site "https://www.chess.com"]

[Event "Titled Tuesday Blitz November 01 Early 2022"]
[White "Lazavik, Denis"]
[Black "Agasarov, Benik"]
[WhiteFideId "13515110"]
[BlackFideId "13314823"]
[WhiteElo "2437"]
[BlackElo "2152"]
[Result "1-0"]
[Round "02"]
[TimeControl "180+1"]
[Date "2022.11.01"]
[WhiteClock "0:00:28"]
[BlackClock "0:00:51"]

1. d4 Nf6 2. c4 e6 3. Nf3 d5 4. g3 Be7 5. Bg2 O-O 6. O-O dxc4 7. Qc2 a6 8. a4 Bd7 9. Qxc4 Bc6 10. Bg5 Nbd7 11. Nc3 h6 12. Bxf6 Nxf6 13. b4 Bd5 14. Nxd5 exd5 15. Qb3 c6 16. e3 Bd6 17. Rfc1 Qb6 18. Rab1 Ne4 19. b5 axb5 20. axb5 Qc7 21. Qc2 Rfc8 22. Bh3 Rcb8 23. bxc6 bxc6 24. Rxb8+ Rxb8 25. Qxc6 Qxc6 26. Rxc6 Rb1+ 27. Bf1 g5 28. Rc2 g4 29. Nh4 Bb4 30. Kg2 Ng5 31. Rc8+ Kg7 32. Nf5+ Kg6 33. Bd3 Rd1 34. Ne7+ Kh5 35. Be2 Rd2 36. Nxd5 Ne4 37. Rg8 1-0


[Site "https://www.chess.com"]

[Event "Titled Tuesday Blitz November 01 Early 2022"]
[White "Le, Tuan Minh"]
[Black "Odegov, Artem"]
[WhiteFideId "12401153"]
[BlackFideId "34183644"]
[WhiteElo "2530"]
[BlackElo "2298"]
[Result "1-0"]
[Round "02"]
[TimeControl "180+1"]
[Date "2022.11.01"]
[WhiteClock "0:00:28"]
[BlackClock "0:00:13"]

1. d4 d5 2. Nf3 Nf6 3. Bf4 e6 4. e3 c5 5. c3 Nc6 6. Nbd2 Be7 7. Bd3 O-O 8. Ne5 Nxe5 9. Bxe5 b6 10. Qf3 Bb7 11. Qg3 Rc8 12. Rd1 g6 13. Qh3 Nd7 14. Bf4 Bg5 15. Bg3 cxd4 16. exd4 Qf6 17. Nf3 Bf4 18. O-O Bxg3 19. fxg3 Qg7 20. g4 Nf6 21. g5 Ne4 22. Bxe4 dxe4 23. Ne5 Rcd8 24. Ng4 Kh8 25. Nf6 Rd5 26. Nxd5 Bxd5 27. a3 f5 28. gxf6 Rxf6 29. Rxf6 Qxf6 30. Rf1 Qg5 31. Qg3 Qxg3 32. hxg3 Kg7 33. Kf2 Bc4 34. Re1 Bd3 35. Ke3 Kf6 36. Rc1 e5 37. dxe5+ Kxe5 38. c4 Kd6 39. b4 h5 40. c5+ bxc5 41. Rxc5 a6 42. Rg5 Kc6 43. Rxg6+ Kb5 44. Rg5+ Ka4 45. Rxh5 Kxa3 46. g4 Kxb4 47. g5 a5 48. g6 a4 49. g7 Bc4 50. Kxe4 a3 51. Rh8 a2 52. Ra8 Kb3 53. Kd4 Bf7 54. g4 Kb2 55. Ke5 a1=Q 56. Rxa1 Kxa1 57. Kf6 Ba2 58. Ke7 Kb2 59. Kf8 Kc3 60. g8=Q Bxg8 61. Kxg8 Kd4 62. g5 Ke5 63. g6 Kf6 64. g7 Kg6 65. Kh8 Kh6 66. g8=Q Kh5 67. Kh7 Kh4 68. Kh6 Kh3 69. Kh5 Kh2 70. Kh4 Kh1 71. Kg3 Kg1 72. Qf7 Kh1 73. Qf1# 1-0


[Site "https://www.chess.com"]